Map: Prion Terraces

Players

ssybatronic

  • Race: Terran Terran

juhyg - Winner!

  • Race: Protoss Protoss

VOD

Have the link to the VOD?

Description

Time

  • Played on: Nov. 17, 2015, 6:27 p.m.
  • Length: 2:20
Show
View Real Time Build Order
Export as new Build Order

ssybatronic Terran 

Build Orders:  

Get SALT Encoding   

  12  0:02  SCV  
  13  0:14  SCV  
  13  0:20  Supply Depot  
  14  0:26  SCV  
  15  0:31  Refinery  
  15  0:37  Refinery  
  15  0:41  SCV  
  16  0:49  Supply Depot  
  16  0:53  SCV  
  17  1:11  Supply Depot  
Show
View Real Time Build Order
Export as new Build Order

juhyg Protoss - Winner!

Build Orders:  

Get SALT Encoding   

  12  0:10  Pylon  
  12  0:14  Probe (Chrono Boost)  
  13  0:32  Forge  
  13  0:37  Pylon  
  13  0:42  Probe (Chrono Boost)  
  14  1:16  Pylon  
  14  1:18  Pylon  
  14  1:36  Photon Cannon  
Tags
 
Add a new tag
Caveats
  • Supply blocks, unpowered buildings, or Contaminate may cause inaccurate times.
  • Supply counts are checked every 10 seconds.